Map: Simulacrum LE

Players

fabiankelito

  • Race: Protoss Protoss
  • League: Silver
  • Spawn Location: 5:00

Ratl - Winner!

  • Race: Protoss Protoss
  • League: Bronze
  • Spawn Location: 11:00

VOD

Have the link to the VOD?

Description

Time

  • Played on: Jan. 9, 2020, 3:58 p.m.
  • Length: 11:07
Show
View Real Time Build Order
Export as new Build Order

fabiankelito Protoss 

Build Orders:  

Get SALT Encoding   

  12  0:10  Pylon  
  12  0:14  Probe  
  13  0:26  Probe  
  14  0:30  Forge  
  14  0:39  Probe  
  15  0:52  Gateway  
  15  0:54  Probe  
  16  1:06  Probe  
  17  1:18  Probe  
  17  1:22  Assimilator  
  18  1:43  Pylon  
  18  1:45  Pylon  
  18  1:47  Probe (Chrono Boost)  
  18  1:53  Cybernetics Core  
  19  1:59  Probe (Chrono Boost)  
  20  2:05  Probe (Chrono Boost)  
  20  2:08  Assimilator  
  21  2:10  Assimilator  
  21  2:13  Probe  
  21  2:15  Photon Cannon  
  22  2:16  Photon Cannon  
  22  2:25  Probe  
  23  2:35  Photon Cannon  
  23  2:38  Probe  
  24  2:49  Shield Battery  
  24  2:50  Probe (Chrono Boost)  
  25  2:51  Shield Battery  
  25  2:55  Shield Battery  
  25  3:02  Probe (Chrono Boost)  
  26  3:09  Probe (Chrono Boost)  
  27  3:16  Probe, Warp Gate  
  27  3:19  Pylon  
  28  3:28  Probe  
  28  3:30  Photon Cannon  
  29  3:37  Photon Cannon  
  29  3:44  Probe  
  30  3:52  Photon Cannon  
  30  3:56  Probe  
  30  3:58  Photon Cannon  
  31  4:27  Probe (Chrono Boost)  
  31  4:31  Pylon  
  32  4:34  Assimilator  
  32  4:37  Probe (Chrono Boost)  
  32  4:38  Assimilator  
  33  4:41  Probe (Chrono Boost), Nexus  
  33  4:44  Pylon  
  34  4:53  Probe  
  35  5:05  Probe, Pylon  
  36  5:08  Pylon  
  36  5:12  Pylon  
  36  5:15  Pylon  
  36  5:17  Probe  
  36  5:18  Pylon  
  37  5:21  Pylon  
  37  5:27  Pylon  
  37  5:29  Probe  
  38  5:41  Probe  
  39  5:53  Probe  
  40  6:01  Probe (Chrono Boost)  
  41  6:09  Probe (Chrono Boost)  
  42  6:17  Robotics Facility  
  44  6:18  Probe (Chrono Boost)  
  44  6:20  Probe (Chrono Boost)  
  44  6:22  Gateway  
  44  6:24  Probe (Chrono Boost)  
  44  6:25  Probe (Chrono Boost)  
  46  6:36  Probe  
  46  6:56  Gateway  
  46  6:57  Gateway  
  46  6:59  Gateway  
  46  7:00  Gateway  
  46  7:02  Gateway  
  46  7:05  Gateway  
  46  7:06  Gateway  
  46  7:11  Warp Prism  
  48  7:16  Photon Cannon  
  48  7:22  Photon Cannon  
  48  7:29  Protoss Shields Level 1  
  48  8:04  Stalker x4  
  48  8:05  Stalker x3  
  58  8:06  Stalker x2  
  48  8:12  Stalker  
  48  8:13  Stalker x5  
  48  8:14  Stalker x3  
  61  8:36  Stalker x3  
  61  8:37  Stalker x3  
  67  8:46  Stalker  
  55  9:03  Stalker  
  47  9:14  Stalker  
  46  9:30  Stalker x2  
  46  9:38  Stalker  
  47  9:57  Stalker  
  28  10:14  Stalker  
  28  10:15  Stalker  
  26  10:42  Stalker  
  26  10:43  Stalker  
Show
View Real Time Build Order
Export as new Build Order

Ratl Protoss - Winner!

Build Orders: Double Forge 

Get SALT Encoding   

  12  0:02  Probe  
  13  0:14  Probe (Chrono Boost)  
  14  0:18  Pylon  
  14  0:26  Probe (Chrono Boost)  
  15  0:34  Assimilator  
  15  0:36  Probe (Chrono Boost)  
  16  0:44  Probe  
  17  0:52  Gateway  
  17  0:56  Probe  
  18  1:08  Probe  
  19  1:14  Gateway  
  19  1:20  Probe  
  20  1:32  Probe  
  21  1:41  Assimilator  
  21  1:44  Probe  
  22  2:09  Pylon  
  22  2:14  Pylon  
  22  2:24  Probe  
  22  2:27  Zealot x2  
  27  2:34  Gateway  
  27  2:35  Gateway  
  27  2:36  Probe  
  27  2:54  Zealot x2  
  31  3:08  Cybernetics Core  
  31  3:24  Zealot x3  
  31  3:25  Zealot  
  39  3:35  Forge  
  39  3:36  Forge  
  39  3:44  Pylon  
  39  3:47  Pylon  
  39  3:49  Warp Gate (Chrono Boost)  
  35  4:16  Stalker  
  35  4:17  Stalker x2  
  29  4:19  Stalker  
  29  4:22  Protoss Ground Weapons Level 1 (Chrono Boost)  
  31  4:37  Protoss Ground Armor Level 1 (Chrono Boost)  
  31  4:52  Stalker  
  33  4:56  Stalker x2  
  37  5:11  Robotics Facility  
  37  5:22  Stalker  
  37  5:26  Stalker  
  41  5:41  Stalker  
  41  5:42  Stalker  
  45  5:54  Twilight Council  
  45  6:01  Warp Prism  
  37  6:49  Stalker x4  
  37  6:50  Protoss Ground Armor Level 2 (Chrono Boost)  
  37  6:51  Protoss Ground Weapons Level 2 (Chrono Boost)  
  45  7:17  Stalker x3  
  51  8:06  Stalker  
  51  8:09  Nexus  
  53  8:13  Assimilator x2  
  53  8:15  Pylon  
  53  8:30  Stalker x2  
  51  8:41  Stalker  
  45  8:48  Pylon  
  41  9:04  Probe (Chrono Boost)  
  40  9:11  Stalker  
  40  9:15  Probe (Chrono Boost)  
  43  9:20  Probe (Chrono Boost)  
  42  9:30  Stalker  
  45  9:33  Probe (Chrono Boost)  
  45  9:35  Probe (Chrono Boost)  
  46  9:43  Probe (Chrono Boost)  
  48  9:45  Probe (Chrono Boost)  
  46  9:53  Stalker x2  
  46  10:08  Zealot x2  
  48  10:17  Stalker x2  
  50  10:37  Stalker x2  
  52  10:58  Stalker x2  
Tags
 
Matchup
PvP
Spawn Locations
Cross Positions
Add a new tag
Caveats
  • Supply blocks, unpowered buildings, or Contaminate may cause inaccurate times.
  • Supply counts are checked every 10 seconds.